 Dungeon Crawl Stone Soup version 0.31-a0-202-g547052bce9 (webtiles) character file.

Game seed: 13844510627823431176

207 qw the Skirmisher (level 5, -5/29 HPs)
             Began as a Deep Elf Hunter on June 26, 2023.
             Killed by divine providence
             ... invoked by an orc priest
              (13 damage)
             ... on level 4 of the Dungeon.
             The game lasted 00:00:54 (2112 turns).

qw the Skirmisher (Deep Elf Hunter)                 Turns: 2112, Time: 00:00:54

Health: -5/29      AC:  9    Str: 10    XL:     5   Next: 54%
Magic:  7/7        EV: 11    Int: 14    God:
Gold:   261        SH:  0    Dex: 18    Spells: 4/4 levels left

rFire   . . .        Y - +0 shortbow
rCold   . . .        (shield currently unavailable)
rNeg    . . .        e - +0 ring mail
rPois   .            f - +1 helmet
rElec   .            (no cloak)
rCorr   .            (no gloves)
SInv    .            h - +1 pair of boots
Will    .....        (no amulet)
Stlth   +            (no ring)
HPRegen 0.24/turn    (no ring)
MPRegen 0.10/turn

%: no passive effects
@: no status effects
A: no striking features
a: no special abilities


You were on level 4 of the Dungeon.
You visited 1 branch of the dungeon, and saw 4 of its levels.

You collected 261 gold pieces.


   Skills:
 + Level 1.6 Fighting
 - Level 9.1 Ranged Weapons
 - Level 2.4 Dodging
 - Level 1.2 Stealth


You had 4 spell levels left.
You didn't know any spells.
Your spell library was empty.

Inventory:

Hand Weapons
 Y - a +0 shortbow (weapon)
Armour
 e - a +0 ring mail (worn)
 f - a +1 helmet (worn)
 h - a +1 pair of boots (worn)
Scrolls
 g - a scroll of identify
 i - a scroll of teleportation
Potions
 a - a potion of curing
 b - a potion of attraction {unknown}
 c - a potion of mutation {unknown}
 d - a potion of enlightenment {unknown}
 k - a potion of invisibility {unknown}

Dungeon Overview and Level Annotations

Branches:
Dungeon (4/15)
 Temple: D:4-7

Altars:
Xom


Message History

Enter note:
Enter note: You shoot an arrow.
The arrow closely misses the orc.
The orc priest shouts!
You shoot an arrow. The arrow hits the orc.
The orc is severely wounded.
You shoot an arrow. The arrow closely misses the orc.
You shoot an arrow. The arrow hits the orc.
The orc is almost dead.
The orc barely misses you.
You shoot an arrow. The arrow hits the orc.
The orc is almost dead.
The orc hits you with a +0 club.
You shoot an arrow.
The arrow hits the orc but does no damage.
The orc is almost dead.
The orc priest invokes the aid of Beogh against you.
Beogh smites you!
Ouch! That really hurt!
The orc hits you but does no damage.
You shoot an arrow. The arrow hits the orc.
You kill the orc!
You shoot an arrow. The arrow hits the orc priest.
The orc priest is lightly wounded.
The orc priest misses you.
You shoot an arrow. The arrow barely misses the orc priest.
The orc priest mumbles some strange prayers to Beogh against you.
You struggle to resist.
The orc hits you but does no damage.
You shoot an arrow.
The arrow hits the orc priest but does no damage.
The orc priest is lightly wounded.
The orc priest hits you but does no damage.
The orc closely misses you.
You shoot an arrow. The arrow hits the orc priest.
The orc priest is lightly wounded.
The orc priest misses you. The orc hits you with a +0 club.
You shoot an arrow. The arrow barely misses the orc priest.
The orc priest mumbles some strange prayers to Beogh against you.
Beogh smites you!
You die...

.### ####
#(..##..#########
#......#.....o@#
.##.....#(..###o#
..#.....##..# ...
.....##.....#$8.8$
......##....#.$.$$#
......###.###$8$8.#
.......#.#...##$_$##
.. #.........#####
..#.##..........#


You could see an orc priest and an orc.

Vanquished Creatures
  A scorpion (D:4)
  Natasha (D:4)
  4 gnolls (D:4)
  3 adders
  2 worms
  3 orcs
  5 endoplasms
  A giant cockroach (D:4)
  6 hobgoblins
  3 quokkas
  3 ball pythons
  3 bats
  2 frilled lizards
  A goblin (D:2)
  7 kobolds
  7 rats
52 creatures vanquished.

Notes
Turn   | Place    | Note
-------+----------+-------------------------------------------
     0 | D:1      | qw the Deep Elf Hunter began the quest for the Orb.
     0 | D:1      | Reached XP level 1. HP: 12/12 MP: 3/3
     0 | D:1      | 0 ||| qw: Version: 0.3-a-22-g0ed2b0b
     0 | D:1      | 0 ||| qw: Game counter: 6114
     0 | D:1      | 0 ||| qw: Melee chars always use a shield: true
     0 | D:1      | 0 ||| qw: God list: Okawaru
     0 | D:1      | 0 ||| qw: Allow faded altars: false
     0 | D:1      | 0 ||| qw: Do Orc after clearing Dungeon:15 true
     0 | D:1      | 0 ||| qw: Do second Lair branch before Depths: true
     0 | D:1      | 0 ||| qw: Lair rune preference: random
     0 | D:1      | 0 ||| qw: Goals: Normal
     0 | D:1      | 0 ||| PLANNING D:1-11
   277 | D:1      | Reached skill level 6 in Ranged Weapons
   277 | D:1      | Reached XP level 2. HP: 16/16 MP: 4/4
   584 | D:1      | 584 ||| UPGRADING to +0 ring mail.
   594 | D:1      | 594 ||| DROPPING +0 leather armour.
   595 | D:1      | 595 ||| UPGRADING to +1 helmet.
   600 | D:1      | 600 ||| UPGRADING to +1 pair of boots.
   605 | D:1      | 605 ||| READING scroll labelled BEALES BEYFORO.
   606 | D:1      | 606 ||| READING scroll labelled NUIFEPY MYKOPS.
   607 | D:1      | 607 ||| DRINKING 2 gluggy blue potions.
   608 | D:1      | 608 ||| DROPPING scroll of butterflies.
   684 | D:2      | Identified the +10 spear of Lihiwax {freeze, rF+ rN+ MP+9}
   805 | D:2      | Reached XP level 3. HP: 20/20 MP: 5/5
  1161 | D:2      | 1161 ||| READING scroll labelled RUREIH DUACLAJ.
  1162 | D:2      | 1162 ||| READING scroll labelled RYTUEM TAFI.
  1163 | D:2      | 1163 ||| READING scroll labelled XACZIT YSAIZ VOA.
  1164 | D:2      | 1164 ||| READING scroll labelled TAEKHE RYIPNEI.
  1252 | D:3      | Reached skill level 7 in Ranged Weapons
  1446 | D:3      | Found a shimmering altar of Xom.
  1533 | D:3      | 1533 ||| DRINKING 2 lumpy sapphire potions.
  1534 | D:3      | 1534 ||| DROPPING potion of degeneration.
  1559 | D:3      | 1559 ||| FLEEEEING.
  1832 | D:3      | 1832 ||| READING scroll labelled ASTRUA EXED.
  1835 | D:3      | 1835 ||| READING scroll labelled KAMUPI HOT VYKH.
  1836 | D:3      | 1836 ||| DRINKING 2 ruby potions.
  1855 | D:4      | Reached XP level 4. HP: 25/25 MP: 6/6
  1879 | D:4      | HP: 3/25 [gnoll/+0 spear (6)]
  1880 | D:4      | 1880 ||| DRINKING potion of heal wounds.
  1887 | D:4      | Reached skill level 8 in Ranged Weapons
  1979 | D:4      | Noticed a scorpion
  1991 | D:4      | Killed a scorpion
  1992 | D:4      | Reached XP level 5. HP: 26/29 MP: 7/7
  2020 | D:4      | Noticed Natasha
  2027 | D:4      | Killed Natasha
  2028 | D:4      | Reached skill level 9 in Ranged Weapons
  2112 | D:4      | Killed from afar by an orc priest

Levels and vault maps discovered:
D:1:      lemuel_arrival_behind_the_door_large, layout_basic
D:2:      layout_basic
D:3:      layout_basic, mainiacjoe_overflow_alcove_4, serial_glass,
          glass_columns_b, glass_columns_b
D:4:      layout_cave_pools, kennysheep_orc_chapel, uniq_natasha

Skill      XL: |  1  2  3  4  5 |
---------------+----------------+-----
Ranged Weapons | 6 7 8 9 |  9.1
Fighting       | |  1.6
Dodging        | |  2.4
Stealth        | |  1.2

Action                     |  1- 3 |  4- 6 || total
---------------------------+-------+-------++-------
   Fire: Shortbow          |   125 |    63 ||   188
    Use: Scroll            |     8 |       ||     8
         Potion            |     3 |     1 ||     4
 Armour: Leather armour    |     2 |       ||     2
         Ring mail         |    15 |    19 ||    34
  Dodge: Dodged            |    15 |    25 ||    40

Table legend:
 A = Non-vault XP
 B = Vault XP
 C = Vault XP percentage of total XP
 D = Non-vault monster count
 E = Vault monster count
 F = Vault count percentage of total count
                 A         B        C        D         E       F
            +---------+---------+-------+---------+---------+-------
      Total |     260 |      36 |  12.2 |      50 |       2 |   3.8
            +---------+---------+-------+---------+---------+-------
        D:1 |      17 |       0 |   0.0 |      11 |       0 |   0.0
        D:2 |      35 |       0 |   0.0 |      14 |       0 |   0.0
        D:3 |      43 |       0 |   0.0 |      16 |       0 |   0.0
        D:4 |     165 |      36 |  17.9 |       9 |       2 |  18.2
            +---------+---------+-------+---------+---------+-------
